Map: Alcyone LE

Players

Chirartem - Winner!

  • Race: Protoss Protoss
  • League: Grandmaster
  • Spawn Location: 7:00

Читер 1 (кошмар)

  • Race: Zerg Zerg
  • Spawn Location: 1:00

VOD

Have the link to the VOD?

Description

Time

  • Played on: Sept. 3, 2024, 11:16 a.m.
  • Length: 8:56
Show
View Real Time Build Order
Export as new Build Order

Chirartem Protoss - Winner!

Build Orders: Archon Immortal, Archon Drop, Dark Templar Rush 

Get SALT Encoding   

  12  0:00  Probe  
  13  0:12  Probe  
  14  0:16  Pylon  
  14  0:24  Probe (Chrono Boost)  
  16  0:36  Probe (Chrono Boost)  
  16  0:37  Gateway  
  16  0:41  Probe (Chrono Boost)  
  17  0:45  Assimilator  
  17  0:51  Probe  
  17  0:54  Assimilator  
  18  1:03  Probe (Chrono Boost)  
  19  1:12  Probe (Chrono Boost)  
  19  1:18  Probe (Chrono Boost)  
  20  1:23  Cybernetics Core  
  21  1:29  Probe  
  22  1:37  Pylon  
  22  1:42  Probe  
  23  1:55  Probe  
  24  2:01  Twilight Council  
  24  2:03  Warp Gate  
  24  2:04  Stalker  
  26  2:15  Robotics Facility  
  26  2:37  Dark Shrine  
  26  2:48  Gateway  
  26  2:50  Gateway  
  26  2:59  Warp Prism (Chrono Boost)  
  28  3:11  Gateway  
  28  3:13  Pylon  
  28  3:19  Pylon  
  28  3:51  Dark Templar x2  
  28  3:52  Dark Templar  
  34  4:05  Immortal  
  38  4:20  Pylon  
  38  4:22  Pylon  
  38  4:23  Pylon  
  38  4:26  Archon  
  38  4:29  Dark Templar  
  40  4:35  Archon  
  40  4:44  Immortal (Chrono Boost)  
  44  5:13  Immortal (Chrono Boost)  
  48  5:40  Immortal (Chrono Boost)  
  52  5:54  Stalker, Zealot  
  52  5:55  Zealot x2  
  54  6:15  Stalker x2  
  54  6:18  Stalker  
  46  6:19  Stalker x2  
  50  6:33  Stalker  
  52  6:46  Zealot  
  52  6:47  Zealot x2  
  58  6:57  Zealot  
  58  7:03  Immortal  
  62  7:08  Zealot  
  62  7:11  Stalker  
  64  7:27  Dark Templar x2  
  68  7:31  Archon  
  68  7:36  Stalker  
  70  7:45  Observer  
  71  8:06  Pylon  
  71  8:07  Pylon  
  75  8:31  Stalker, Zealot x2  
  75  8:33  Sentry  
Show
View Real Time Build Order
Export as new Build Order

Читер 1 (кошмар) Zerg 

Build Orders: Pool First 

Get SALT Encoding   

  12  0:00  Drone  
  13  0:11  Overlord  
  13  0:16  Drone  
  14  0:29  Drone x2  
  16  0:37  Spawning Pool  
  16  0:39  Drone  
  16  0:44  Drone  
  17  1:05  Drone, Hatchery  
  17  1:07  Extractor  
  17  1:08  Drone  
  17  1:16  Drone  
  18  1:26  Drone  
  18  1:29  Queen  
  21  1:37  Overlord  
  21  1:48  Drone  
  22  1:59  Roach Warren, Zergling x2  
  22  2:01  Extractor  
  22  2:05  Queen  
  23  2:09  Drone  
  24  2:16  Drone  
  24  2:20  Drone  
  26  2:27  Drone  
  27  2:30  Overlord  
  27  2:36  Drone x3  
  30  2:38  Drone  
  30  2:43  Drone  
  32  2:49  Zergling x2  
  33  2:52  Lair  
  33  2:53  Spore Crawler  
  33  2:54  Zergling x2  
  33  2:55  Spore Crawler  
  32  2:59  Drone  
  32  3:04  Drone  
  34  3:08  Roach x3  
  34  3:09  Overlord  
  40  3:13  Metabolic Boost  
  40  3:16  Roach  
  42  3:20  Overlord  
  42  3:25  Drone x2  
  44  3:28  Drone x2  
  44  3:32  Zergling x2  
  47  3:35  Evolution Chamber  
  47  3:37  Drone  
  47  3:39  Zergling x2  
  47  3:40  Evolution Chamber, Drone, Zergling x2  
  49  3:43  Drone  
  50  3:49  Drone  
  50  3:54  Hydralisk Den, Drone x3  
  50  3:55  Drone  
  54  4:01  Drone  
  54  4:02  Zerg Ground Armor Level 1, Overseer  
  51  4:06  Zerg Missile Weapons Level 1, Drone  
  41  4:11  Drone x4  
  41  4:16  Drone  
  46  4:22  Drone  
  46  4:23  Overlord  
  47  4:26  Drone  
  47  4:28  Drone  
  47  4:30  Drone  
  50  4:32  Drone  
  51  4:40  Drone  
  51  4:43  Drone  
  53  4:49  Overlord, Hydralisk, Drone  
  53  4:51  Hydralisk, Roach x2  
  62  4:54  Hydralisk  
  62  4:59  Queen  
  64  5:01  Overlord  
  64  5:07  Hydralisk  
  64  5:12  Drone  
  67  5:16  Drone  
  67  5:18  Drone x2  
  67  5:19  Hydralisk  
  67  5:20  Overlord, Roach, Drone  
  72  5:24  Drone  
  73  5:28  Drone  
  73  5:35  Extractor, Drone  
  74  5:37  Extractor  
  74  5:38  Ravager x2  
  74  5:39  Overlord  
  74  5:40  Hydralisk Den  
  72  5:43  Hatchery  
  72  5:46  Drone  
  72  5:50  Drone x2  
  74  5:57  Overlord, Roach, Drone  
  74  6:00  Drone  
  78  6:05  Roach, Drone x2  
  78  6:08  Drone  
  73  6:12  Zergling x2  
  73  6:13  Lurker Den  
  65  6:19  Zergling x2  
  65  6:22  Hydralisk, Zergling x2  
  65  6:23  Zergling x2, Roach, Spine Crawler  
  65  6:24  Spine Crawler  
  61  6:28  Queen  
  61  6:31  Roach  
  61  6:34  Roach  
  61  6:37  Hydralisk, Zergling x2  
  61  6:38  Drone  
  64  6:40  Evolution Chamber  
  64  6:41  Hydralisk  
  64  6:45  Hydralisk  
  64  6:52  Roach  
  64  6:54  Overlord, Hydralisk, Zergling x2  
  62  6:55  Roach  
  62  6:56  Ravager, Zergling x2  
  66  7:05  Roach  
  66  7:07  Roach  
  66  7:08  Hydralisk x2  
  53  7:09  Roach  
  45  7:15  Extractor  
  45  7:16  Drone  
  45  7:18  Drone, Extractor  
  27  7:27  Zergling x2  
  27  7:29  Drone  
  26  7:33  Queen  
  20  7:37  Drone  
  20  7:39  Drone, Hatchery  
  20  7:41  Roach, Drone, Zergling x2  
  21  7:48  Drone  
  22  7:51  Roach  
  23  7:58  Hydralisk  
  20  8:13  Spawning Pool  
Tags
 
Add a new tag
Caveats
  • Supply blocks, unpowered buildings, or Contaminate may cause inaccurate times.
  • Supply counts are checked every 10 seconds.